Map: Prion Terraces

Players

Miltreta - Winner!

  • Race: Terran Terran

A.I. 1 (Easy)

  • Race: Terran Terran

VOD

Have the link to the VOD?

Description

Time

  • Played on: March 9, 2016, 1:28 p.m.
  • Length: 10:11
Show
View Real Time Build Order
Export as new Build Order

Miltreta Terran - Winner!

Build Orders: Reaper Expand 

Get SALT Encoding   

  12  0:01  SCV  
  13  0:17  SCV  
  14  0:25  Supply Depot  
  14  0:29  SCV  
  14  0:33  Refinery  
  15  0:49  Barracks  
  15  1:08  SCV  
  16  1:14  Supply Depot  
  16  1:20  SCV  
  17  1:42  Command Center  
  17  1:46  Reaper  
  18  1:56  Orbital Command  
  18  2:35  Barracks Tech Lab  
  18  2:43  Barracks  
  18  2:53  Engineering Bay  
  18  2:56  Engineering Bay  
  20  2:58  Marauder  
  20  3:03  Concussive Shells  
  20  3:16  SCV  
  20  3:19  Marine  
  22  3:25  SCV  
  23  3:27  Refinery  
  23  3:28  SCV  
  24  3:37  SCV  
  24  3:41  SCV  
  26  3:49  SCV  
  26  3:53  SCV  
  28  4:01  SCV  
  29  4:05  SCV, Terran Infantry Weapons Level 1  
  29  4:09  Terran Infantry Armor Level 1  
  30  4:13  SCV  
  31  4:17  Marine  
  32  4:25  SCV  
  32  4:26  Marine  
  34  4:34  SCV  
  34  4:35  Marine  
  34  4:38  SCV  
  37  4:44  Marine  
  38  4:46  SCV  
  38  4:50  SCV  
  40  4:53  Marine  
  40  4:58  SCV  
  42  5:02  SCV, Marine  
  44  5:11  Marine  
  44  5:14  SCV, Command Center  
  46  5:22  Bunker  
  46  5:25  Supply Depot  
  46  5:29  Supply Depot  
  46  5:36  SCV, Marine x2  
  49  5:54  Marine  
  50  6:20  SCV  
  51  6:32  SCV  
  52  6:44  SCV  
  53  6:49  Factory  
  53  6:57  Orbital Command  
  53  7:50  Reaper  
  53  7:51  Reaper  
  52  8:22  Reaper  
  52  8:23  Reaper  
  54  8:32  Widow Mine  
  54  8:55  Reaper x2  
Show
View Real Time Build Order
Export as new Build Order

A.I. 1 (Easy) Terran 

Build Orders:  

Get SALT Encoding   

  12  0:00  SCV  
  13  0:13  SCV  
  14  0:20  Supply Depot  
  14  0:25  SCV  
  15  0:41  SCV  
  16  0:44  Refinery  
  16  0:47  Barracks  
  16  1:09  Supply Depot  
  16  1:21  Refinery  
  16  1:33  Marine  
  16  1:36  Orbital Command  
  17  1:52  Barracks Tech Lab  
  17  2:10  Marine  
  17  2:13  Supply Depot  
  18  2:17  SCV  
  19  2:29  SCV  
  20  2:35  Marine  
  21  2:41  SCV  
  22  2:53  SCV  
  23  3:01  Marauder  
  25  3:05  SCV  
  26  3:18  SCV  
  27  3:25  Marine  
  28  3:51  Marauder  
  30  4:16  Marauder  
  32  6:57  Reaper  
  32  6:58  SCV  
  32  7:00  Supply Depot  
  34  7:11  SCV  
  33  7:23  SCV  
  33  7:24  Factory  
  33  7:25  Supply Depot  
  33  7:29  Marine  
  34  7:36  SCV  
  32  7:48  SCV  
  29  7:55  Command Center  
  29  8:00  SCV  
  25  8:12  SCV  
  16  8:24  SCV  
  14  8:36  SCV  
  11  9:07  SCV  
  12  9:18  Supply Depot  
  12  9:19  SCV  
  12  9:20  Refinery  
  12  9:31  SCV  
  11  9:43  SCV  
  10  9:55  SCV  
  9  10:00  Command Center  
Tags
 
Add a new tag
Caveats
  • Supply blocks, unpowered buildings, or Contaminate may cause inaccurate times.
  • Supply counts are checked every 10 seconds.